 Dungeon Crawl Stone Soup version 0.29.0-13-gc9e81de378 (webtiles) character file.

Game seed: 17148753766679540145

53 nickcage the Chopper (level 3, -1/30 HPs)
             Began as a Minotaur Gladiator on Sept 8, 2022.
             Killed from afar by an orc wizard (5 damage)
             ... with a magic dart
             ... on level 3 of the Dungeon.
             The game lasted 00:03:17 (1776 turns).

nickcage the Chopper (Minotaur Gladiator)           Turns: 1776, Time: 00:03:18

Health: -1/30      AC:  4    Str: 20    XL:     3   Next: 62%
Magic:  2/2        EV: 12    Int:  5    God:
Gold:   182        SH:  0    Dex: 11    Spells: 2/2 levels left

rFire   . . .      SeeInvis .   a - +0 war axe
rCold   . . .      Faith    .   (no shield)
rNeg    . . .      Spirit   .   b - +0 leather armour
rPois   .          Reflect  .   c - +0 hat
rElec   .          Harm     .   (no cloak)
rCorr   .          Rampage  .   o - +0 pair of gloves
Will    .....                   (no boots)
Stlth   +.........              (no amulet)
HPRegen 0.10/turn               (no ring)
MPRegen 0.08/turn               (no ring)

@: no status effects
A: horns 2, retaliatory headbutt
a: no special abilities


You were on level 3 of the Dungeon.
You visited 1 branch of the dungeon, and saw 3 of its levels.

You collected 182 gold pieces.

Inventory:

Hand Weapons
 a - a +0 war axe (weapon)
Missiles
 d - 3 throwing nets
 e - a javelin
 s - 6 poisoned darts (quivered)
Armour
 b - a +0 leather armour (worn)
 c - a +0 hat (worn)
 o - a +0 pair of gloves (worn)
Jewellery
 q - a ring of magical power
Scrolls
 f - 3 scrolls of teleportation {unknown}
 h - 2 scrolls of immolation {unknown}
 i - 3 scrolls of identify {unknown}
 k - a scroll of brand weapon {unknown}
 n - a scroll of vulnerability {unknown}
 p - a scroll of enchant weapon {unknown}
Potions
 g - 2 potions of might {unknown}
 j - a potion of invisibility {unknown}
 l - 2 potions of mutation {unknown}
 m - a potion of degeneration {unknown}
 r - a potion of berserk rage {unknown}
 t - 2 potions of curing {unknown}
 u - a potion of haste {unknown}


   Skills:
 - Level 2.4 Fighting
 + Level 5.6 Axes
 - Level 2.0 Throwing
 - Level 3.2 Dodging


You had 2 spell levels left.
You didn't know any spells.
Your spell library was empty.

Dungeon Overview and Level Annotations

Branches:
Dungeon (3/15)

Altars:
Wu Jian


Innate Abilities, Weirdness & Mutations

You have a pair of horns on your head.
You reflexively headbutt those who attack you in melee.


Message History

You slash the orc! Your headbutt misses the orc.
The orc is almost dead.
The orc hits you but does no damage.
You slash the orc!
You kill the orc!
You closely miss something. Something hits you but does no damage.
No target in view!
No target in view!
You barely miss something. Something barely misses you. Something hits you.
You miss something. Something hits you.
You barely miss something. Something hits you but does no damage.
You hit something. Your headbutt misses something.
You hear some strange, mumbled words.
A puff of flame appears from out of thin air!
The puff of flame hits you.
You closely miss something. Something hits you but does no damage.
Something hits you.
You barely miss something. Your headbutt misses something.
Something barely misses you.
You closely miss something. Your headbutt misses something. Something hits you.
You miss something. Something hits you.
* * * LOW HITPOINT WARNING * * *
You miss something. Something hits you.
* * * LOW HITPOINT WARNING * * *
Something hits you.
* * * LOW HITPOINT WARNING * * *
You miss something.
You hear some strange, mumbled words.
A puff of flame appears from out of thin air!
The puff of flame misses you.
You miss something. Your headbutt misses something. Something hits you.
* * * LOW HITPOINT WARNING * * *
You hit something but do no damage. Something barely misses you.
You barely miss something. Your headbutt misses something.
Something completely misses you.
You barely miss something.
You hear some strange, mumbled words.
A magic dart appears from out of thin air!
The magic dart hits you.
You die...

#. #. ## #. ..
.. .. #.##. .#
... .# ##{####.#
#.)@.#..
#......#.#.# #
#.####.#.#.##.#
..#......#
#######.####.#
.............#.#
#######.######.#
#.# #.#
#.######.#


There were no monsters in sight!

Vanquished Creatures
  An adder (D:2)
  3 worms
  2 orcs (D:3)
  2 ball pythons
  3 endoplasms
  4 giant cockroaches
  2 hobgoblins (D:2)
  7 kobolds
  4 bats
  2 frilled lizards
  3 rats (D:1)
33 creatures vanquished.

Vanquished Creatures (others)
  A fungus (D:1)
  27 plants (D:1)
28 creatures vanquished.

Grand Total: 61 creatures vanquished

Notes
Turn   | Place    | Note
-------+----------+-------------------------------------------
     0 | D:1      | nickcage the Minotaur Gladiator began the quest for the
                  | Orb.
     0 | D:1      | Reached XP level 1. HP: 18/18 MP: 0/0
   224 | D:1      | Reached skill level 4 in Axes
   316 | D:1      | Reached XP level 2. HP: 25/25 MP: 1/1
   507 | D:1      | Found a faded altar of an unknown god.
  1296 | D:2      | Reached skill level 5 in Axes
  1296 | D:2      | Reached XP level 3. HP: 30/30 MP: 2/2
  1684 | D:3      | Found an ornate altar of the Wu Jian Council.
  1776 | D:3      | Killed from afar by an orc wizard

Illustrated notes

Levels and vault maps discovered:
D:1:      roderic_crop_circles_arrival_small, layout_rooms,
          shapermc_ecumenical_altar_ellora, dk_noncrumbling_4,
          hangedman_glass_teeth
D:2:      layout_loops_ring, minmay_tetromino_i4
D:3:      layout_basic, mainiacjoe_overflow_small_starburst,
          grunt_dithmenos_smoke_and_mirrors, chei_slow_surprise

Skill      XL: |  1  2 |
---------------+-------+-----
Axes           | 4 5 |  5.6
Fighting       | |  2.4
Throwing       | |  2.0
Dodging        | |  3.2

Action                   || total
-------------------------++-------
Melee: War axe           ||    83
       Headbutt          ||     7
 Stab: Sleeping          ||     1
Armor: Leather armour    ||    22
Dodge: Dodged            ||    43
